 Dungeon Crawl Stone Soup version 0.30-a0-1043-g60ff8d5f49 (webtiles) character file.

Game seed: 3413315893974144870

140 xian the Chopper (level 5, 0/48 HPs)
             Began as a Naga Gladiator on Apr 10, 2023.
             Slain by Natasha (3 damage)
             ... on level 4 of the Dungeon.
             The game lasted 00:06:38 (2583 turns).

xian the Chopper (Naga Gladiator)                   Turns: 2583, Time: 00:06:39

Health: 0/48       AC:  4    Str: 19    XL:     5   Next: 22%
Magic:  5/5        EV: 10    Int:  8    God:
Gold:   162        SH:  0    Dex: 12    Spells: 4/4 levels left

rFire   . . .      SeeInvis +    a - +0 war axe
rCold   . . .      Faith    .    (no shield)
rNeg    . . .      Spirit   .    b - +0 leather armour
rPois   +          Reflect  .    c - +0 helmet
rElec   .          Rampage  .    (no cloak)
rCorr   .                        (no gloves)
Will    .....                    (no barding)
Stlth   +                        (no amulet)
HPRegen 0.28/turn                (no ring)
MPRegen 0.09/turn                (no ring)

@: very slow
A: AC +1, large, see invisible, deformed body, poison resistance, slowness 2,
spit poison 1, naga tail 1
a: Spit Poison


You were on level 4 of the Dungeon.
You visited 1 branch of the dungeon, and saw 4 of its levels.

You collected 182 gold pieces.
You spent 20 gold pieces at shops.

Inventory:

Hand Weapons
 a - a +0 war axe (weapon)
Missiles
 d - 3 throwing nets (quivered)
 e - a javelin
 f - 32 stones
 k - 6 boomerangs
Armour
 b - a +0 leather armour (worn)
 c - a +0 helmet (worn)
Jewellery
 i - a ring of magical power
 q - a ring of protection from cold
Scrolls
 h - 2 scrolls of summoning {unknown}
 j - a scroll of enchant armour {unknown}
 n - 4 scrolls of vulnerability {unknown}
 p - a scroll of poison {unknown}
 t - a scroll of fog
 u - a scroll of amnesia
 w - 2 scrolls of enchant weapon
Potions
 g - a potion of cancellation {unknown}
 l - 6 potions of curing {unknown}
 m - a potion of attraction {unknown}
 o - a potion of invisibility {unknown}
 r - 2 potions of lignification {unknown}
 s - a potion of heal wounds {unknown}
 v - a potion of flight {unknown}


   Skills:
 + Level 2.9 Fighting
 + Level 4.2 Axes
 + Level 1.8 Throwing
 + Level 1.3 Armour
 + Level 2.9 Dodging
 + Level 1.3 Stealth


You had 4 spell levels left.
You didn't know any spells.
Your spell library contained the following spells:

 Spells                   Type           Power      Damage    Failure   Level
 Sandblast                Erth           0%         2d4       45%         1
 Passwall                 Tmut/Erth      0%         N/A       61%         2
 Sublimation of Blood     Necr           0%         N/A       61%         2
 Wereblood                Tmut           0%         N/A       61%         2
 Stone Arrow              Conj/Erth      0%         3d7       83%         3
 Animate Armour           Summ/Erth      0%         N/A       99%         4
 Blade Hands              Tmut           0%         N/A       100%        5
 Iron Shot                Conj/Erth      0%         9d1       100%        6
 Summon Hydra             Summ           0%         N/A       100%        7


Dungeon Overview and Level Annotations

Branches:
Dungeon (4/15)
 Temple: D:4-7

Altars:

Shops:
D:2 ?

Annotations:
D:4 Natasha


Innate Abilities, Weirdness & Mutations

Your serpentine skin is tough. (AC +1)
You have supernaturally acute eyesight. (SInv)
Armour fits poorly on your strangely shaped body.
Your system is resistant to poisons. (rPois)
You cover ground very slowly.
You can spit poison.
You have a snake-like lower body.


Message History

The cerulean imp hits you but does no damage.
You completely miss Natasha.
The cerulean imp hits you from afar with a +0 spear.
Natasha claws you!
You barely miss Natasha.
The cerulean imp hits you from afar with a +0 spear.
The hound closely misses you.
Natasha growls.
Natasha claws you but does no damage.
You hit Natasha.
Natasha is moderately wounded.
You barely miss the hound. The hound bites you.
The cerulean imp closely misses you. Natasha completely misses you.
The hound bites you. The cerulean imp closely misses you. Natasha claws you!
You hit Natasha.
Natasha is moderately wounded.
You hit the hound. The hound bites you. The hound completely misses you.
The cerulean imp hits you from afar with a +0 spear.
Natasha closely misses you.
You barely miss Natasha.
Natasha is moderately wounded.
You closely miss the hound. The hound bites you.
* * * LOW HITPOINT WARNING * * *
The cerulean imp barely misses you. The hound barely misses you.
Natasha claws you but does no damage.
You hit Natasha.
Natasha is heavily wounded.
You hit the hound. The hound barely misses you.
The cerulean imp hits you from afar with a +0 spear.
* * * LOW HITPOINT WARNING * * *
Natasha claws you!
* * * LOW HITPOINT WARNING * * *
The hound closely misses you.
The cerulean imp hits you from afar with a +0 spear.
* * * LOW HITPOINT WARNING * * *
You barely miss Natasha.
Natasha is heavily wounded.
You barely miss the hound. The hound bites you but does no damage.
Natasha claws you.
You die...

........#########
........##......#
.......##......#
#.....##......#####
#.....##..........#
##.#..5..#####.......#
.....#.h..####.......###
>.....h@................
####....#.####........##
####.#.# #..........
#.#.####.......###
#.....##.......# #
########.......#
#########


You could see a hound, Natasha and a cerulean imp (summoned).

Vanquished Creatures
  Natasha (D:4)
  5 adders
  A white imp (D:4)
  3 worms (D:3)
  An orc (D:3)
  2 bats
  6 endoplasms
  3 giant cockroaches
  3 goblins
  4 hobgoblins
  4 quokkas
  11 ball pythons
  2 frilled lizards
  5 kobolds
  A rat (D:2)
52 creatures vanquished.

Notes
Turn   | Place    | Note
-------+----------+-------------------------------------------
     0 | D:1      | xian the Naga Gladiator began the quest for the Orb.
     0 | D:1      | Reached XP level 1. HP: 19/19 MP: 1/1
   373 | D:1      | Reached XP level 2. HP: 23/26 MP: 2/2
   861 | D:2      | Reached XP level 3. HP: 32/33 MP: 3/3
  1085 | D:2      | Found Qypoic's Magic Scroll Shoppe.
  1093 | D:2      | Bought a scroll of identify for 20 gold pieces
  1574 | D:3      | Reached XP level 4. HP: 40/40 MP: 4/4
  1686 | D:3      | Reached skill level 1 in Stealth
  1779 | D:3      | Reached skill level 4 in Axes
  1779 | D:3      | Reached skill level 1 in Armour
  2438 | D:4      | Noticed Natasha
  2448 | D:4      | Killed Natasha
  2449 | D:4      | Reached XP level 5. HP: 27/48 MP: 5/5
  2573 | D:4      | Noticed Natasha
  2583 | D:4      | Slain by Natasha

Illustrated notes

Levels and vault maps discovered:
D:1:      amcnicky_arrival_gap_in_the_tavern_cellar, layout_basic
D:2:      layout_loops_cross, serial_shops, nicolae_shop_waterfront,
          feat_on_display
D:3:      layout_loops_cross, cheibrodos_sewer_entry_sluice
D:4:      layout_basic, uniq_natasha

Skill      XL: |  1  2  3  4 |
---------------+-------------+-----
Stealth        | 1 |  1.3
Axes           | 4 |  4.2
Armour         | 1 |  1.3
Fighting       | |  2.9
Throwing       | |  1.8
Dodging        | |  2.9

Action                     |  1- 3 |  4- 6 || total
---------------------------+-------+-------++-------
  Melee: War axe           |    79 |    82 ||   161
         Punch             |       |     1 ||     1
    Use: Scroll            |       |     4 ||     4
   Stab: Sleeping          |     2 |       ||     2
 Armour: Leather armour    |    20 |    31 ||    51
  Dodge: Dodged            |    50 |    54 ||   104

Table legend: (Time is in decaauts)
 A = Elapsed time spent in this place.
 B = Non-inter-level travel time spent in this place.
 C = Inter-level travel time spent in this place.
 D = Time resting spent in this place.
 E = Time spent auto-exploring this place.
 F = Levels seen in this place.
 G = Mean time per level.
                   A        B        C        D        E       F      G
               +--------+--------+--------+--------+--------+-----+--------+
         Total |   3368 |   3294 |     74 |      0 |   1838 |   4 |  842.0 |
       Dungeon |   3368 |   3294 |     74 |      0 |   1838 |   4 |  842.0 |
               +--------+--------+--------+--------+--------+-----+--------+

Top non-repeatable levels by time:
     D:3: 1183 daAuts
     D:2: 1012 daAuts
     D:1: 892 daAuts
     D:4: 280 daAuts
